Map: [ESL] Hecate

Players

Harstem

  • Race: Protoss Protoss
  • Spawn Location: 7:00

Reynor - Winner!

  • Race: Zerg Zerg
  • Spawn Location: 1:00

Event: ESL SC2 Masters 2023 Winter (Regional)

VOD

Have the link to the VOD?

Description

Time

  • Played on: Nov. 10, 2023, 8:26 a.m.
  • Length: 12:11

All games in this series

Show
View Real Time Build Order
Export as new Build Order

Harstem Protoss 

Build Orders: 1 Gate Expand, Oracle Opening, Mass Adepts 

Get SALT Encoding   

  12  0:00  Probe  
  13  0:12  Probe  
  14  0:17  Pylon  
  14  0:24  Probe (Chrono Boost)  
  15  0:36  Probe (Chrono Boost)  
  15  0:37  Gateway  
  16  0:45  Probe (Chrono Boost)  
  16  0:46  Assimilator  
  17  0:51  Probe  
  18  1:03  Probe  
  19  1:15  Probe  
  20  1:22  Nexus  
  20  1:31  Cybernetics Core  
  20  1:34  Probe  
  20  1:39  Assimilator  
  21  1:47  Probe  
  22  1:49  Pylon  
  22  1:58  Probe  
  23  2:04  Adept (Chrono Boost)  
  23  2:06  Probe  
  25  2:14  Stargate, Probe  
  26  2:22  Warp Gate  
  29  2:30  Stalker  
  29  2:31  Probe  
  29  2:34  Probe  
  31  2:43  Probe  
  32  2:46  Probe  
  33  2:55  Probe  
  33  2:56  Oracle (Chrono Boost)  
  34  2:58  Probe  
  34  3:05  Adept  
  40  3:07  Probe  
  40  3:08  Pylon  
  40  3:10  Probe  
  42  3:15  Gateway  
  43  3:20  Probe  
  43  3:23  Probe  
  44  3:27  Twilight Council  
  44  3:32  Probe  
  45  3:36  Probe  
  45  3:38  Gateway  
  45  3:39  Gateway  
  46  3:42  Pylon  
  46  3:45  Probe  
  47  3:48  Probe  
  48  3:56  Resonating Glaives (Chrono Boost)  
  48  3:58  Pylon  
  48  4:11  Adept  
  48  4:12  Probe, Adept  
  48  4:13  Probe  
  51  4:25  Probe  
  51  4:29  Nexus  
  52  4:33  Adept x3  
  52  4:34  Adept  
  52  4:35  Probe  
  52  4:37  Probe  
  62  4:39  Pylon  
  62  4:42  Assimilator  
  64  4:53  Adept x2  
  64  4:54  Adept x2  
  64  4:57  Probe x2  
  72  5:01  Pylon  
  72  5:02  Oracle (Chrono Boost)  
  75  5:09  Probe  
  76  5:23  Adept x4  
  76  5:26  Probe  
  83  5:32  Probe  
  83  5:34  Robotics Facility, Assimilator  
  80  5:37  Pylon  
  80  5:40  Probe (Chrono Boost)  
  81  5:44  Probe (Chrono Boost)  
  82  5:51  Sentry x2  
  82  5:56  Probe (Chrono Boost)  
  87  5:57  Probe (Chrono Boost)  
  87  6:00  Probe (Chrono Boost)  
  87  6:01  Probe (Chrono Boost)  
  83  6:04  Probe (Chrono Boost)  
  83  6:08  Probe (Chrono Boost)  
  83  6:09  Sentry, Stalker  
  85  6:14  Shield Battery, Forge  
  85  6:15  Probe (Chrono Boost)  
  83  6:20  Probe (Chrono Boost)  
  83  6:21  Probe (Chrono Boost)  
  83  6:25  Stalker x2, Probe x2 (Chrono Boost)  
  80  6:26  Immortal (Chrono Boost)  
  80  6:27  Probe  
  80  6:28  Assimilator  
  90  6:34  Assimilator, Probe x2  
  90  6:39  Probe  
  91  6:46  Protoss Ground Weapons Level 1 (Chrono Boost), Probe  
  91  6:47  Probe  
  93  6:50  Robotics Bay  
  93  6:52  Probe  
  92  6:56  Pylon  
  92  6:58  Stalker x2  
  92  6:59  Pylon  
  96  7:02  Stalker  
  96  7:05  Warp Prism (Chrono Boost)  
  96  7:07  Gateway  
  96  7:08  Gateway  
  100  7:20  Probe  
  100  7:22  Probe  
  102  7:24  Robotics Facility  
  102  7:25  Blink  
  102  7:27  Pylon  
  102  7:28  Gateway  
  102  7:29  Gateway  
  102  7:30  Stalker  
  102  7:36  Phoenix, Colossus (Chrono Boost)  
  104  7:43  Probe  
  104  7:44  Nexus, Probe  
  112  7:45  Pylon  
  112  7:52  Extended Thermal Lance, Probe  
  112  7:57  Stalker x3  
  119  8:07  Shield Battery  
  119  8:09  Photon Cannon  
  125  8:13  Probe  
  126  8:20  Colossus (Chrono Boost)  
  126  8:22  Probe  
  126  8:24  Stalker x4  
  126  8:26  Colossus (Chrono Boost)  
  141  8:41  Protoss Ground Weapons Level 2 (Chrono Boost)  
  141  8:44  Pylon  
  141  8:45  Pylon  
  141  8:56  Assimilator, Probe x3  
  141  8:58  Probe  
  141  9:00  Photon Cannon, Stalker  
  141  9:01  Adept x2, Stalker  
  153  9:03  Shield Battery  
  153  9:05  Adept x2  
  153  9:08  Assimilator  
  157  9:18  Immortal x2 (Chrono Boost)  
  165  9:28  Pylon, Probe  
  166  9:31  Pylon  
  166  9:34  Templar Archives, Charge  
  166  9:37  Adept x3  
  174  9:52  Pylon, Stalker x2  
  174  9:54  Pylon, Phoenix (Chrono Boost)  
  179  10:01  Stalker x2  
  179  10:02  Stalker  
  148  10:19  Stalker x4  
  148  10:21  Phoenix (Chrono Boost)  
  154  10:22  Stalker  
  150  10:30  Stalker x2  
  145  10:39  Phoenix (Chrono Boost)  
  143  10:43  Probe  
  143  10:44  Stalker x2  
  146  10:54  Phoenix (Chrono Boost)  
  137  11:12  Phoenix  
  137  11:17  Stalker x3  
  145  11:23  Probe  
  145  11:24  Probe  
  147  11:31  Stalker x2  
  151  11:37  Phoenix  
  117  11:48  Stalker  
  89  11:59  Stalker x4  
  72  12:03  Probe (Chrono Boost)  
Show
View Real Time Build Order
Export as new Build Order

Reynor Zerg - Winner!

Build Orders: Hatch First 

Get SALT Encoding   

  12  0:00  Drone  
  13  0:12  Overlord  
  13  0:16  Drone  
  14  0:30  Drone x2  
  16  0:48  Hatchery  
  15  0:50  Drone  
  15  0:55  Drone  
  17  0:57  Drone  
  18  1:09  Extractor  
  17  1:13  Spawning Pool  
  17  1:16  Drone  
  17  1:19  Drone  
  18  1:28  Drone  
  19  1:38  Drone  
  20  1:48  Overlord  
  20  2:00  Queen x2  
  26  2:01  Drone x2  
  26  2:11  Drone x2  
  26  2:12  Metabolic Boost  
  28  2:21  Drone x2  
  30  2:32  Zergling x4  
  30  2:36  Hatchery  
  31  2:43  Overlord  
  31  2:44  Drone  
  31  2:47  Queen  
  34  2:53  Drone x2  
  36  3:00  Queen  
  36  3:04  Overlord  
  36  3:05  Drone  
  39  3:07  Drone  
  39  3:09  Drone  
  39  3:10  Drone  
  42  3:17  Drone  
  42  3:18  Drone  
  44  3:25  Zergling x2, Queen  
  44  3:26  Zergling x2  
  48  3:36  Zergling x2  
  48  3:37  Queen  
  48  3:39  Drone  
  52  3:46  Overlord  
  52  3:49  Drone  
  52  3:50  Queen  
  52  3:52  Drone  
  56  3:56  Drone  
  56  3:58  Drone  
  56  3:59  Overlord  
  58  4:05  Drone x2, Spore Crawler  
  58  4:06  Drone  
  60  4:11  Drone x2, Overlord  
  60  4:13  Drone x2  
  63  4:17  Drone  
  63  4:21  Drone  
  63  4:22  Drone, Queen  
  68  4:25  Drone  
  68  4:26  Spore Crawler, Evolution Chamber  
  68  4:29  Roach Warren  
  66  4:31  Drone  
  66  4:34  Spore Crawler  
  66  4:35  Drone  
  66  4:36  Drone  
  66  4:37  Drone  
  66  4:38  Drone  
  70  4:42  Zergling x2  
  71  4:46  Zergling x4  
  71  4:52  Drone  
  73  4:53  Overlord  
  73  4:54  Drone x2  
  73  4:59  Overlord  
  74  5:08  Evolution Chamber  
  74  5:09  Evolution Chamber  
  74  5:10  Roach x2  
  74  5:11  Roach x2  
  74  5:12  Overlord  
  74  5:13  Roach, Evolution Chamber  
  74  5:14  Roach x3  
  87  5:19  Roach  
  87  5:23  Drone x2  
  87  5:25  Drone x3  
  87  5:26  Extractor  
  87  5:28  Drone  
  85  5:31  Drone x2  
  85  5:32  Drone  
  85  5:34  Drone  
  85  5:35  Drone  
  89  5:40  Drone, Overlord  
  90  5:44  Drone x2  
  90  5:45  Drone  
  90  5:47  Extractor  
  90  5:48  Drone  
  93  5:50  Overlord  
  93  5:53  Drone  
  93  5:58  Drone  
  93  6:01  Drone  
  93  6:02  Drone  
  93  6:03  Drone  
  96  6:06  Lair  
  96  6:07  Drone  
  96  6:09  Drone  
  99  6:11  Drone  
  99  6:13  Drone x2  
  100  6:19  Drone x3  
  100  6:24  Drone x2  
  102  6:26  Overlord  
  102  6:30  Zerg Melee Weapons Level 1  
  102  6:31  Extractor  
  101  6:38  Drone x3  
  104  6:41  Drone x2  
  104  6:42  Drone x4  
  104  6:45  Drone  
  110  6:47  Drone  
  110  6:49  Drone  
  110  6:53  Extractor x2, Hatchery  
  108  6:55  Drone  
  108  6:58  Zerg Missile Weapons Level 1  
  108  7:00  Drone  
  110  7:03  Drone  
  111  7:10  Baneling Nest  
  111  7:11  Hatchery  
  111  7:15  Drone x4  
  109  7:21  Drone x3  
  111  7:25  Spire  
  111  7:27  Zergling x8  
  111  7:28  Zergling x6  
  117  7:30  Glial Reconstitution  
  117  7:33  Overlord  
  117  7:39  Zergling x8  
  117  7:42  Overlord  
  121  7:46  Overlord  
  121  7:50  Overlord  
  121  7:52  Drone x5  
  121  7:56  Centrifugal Hooks  
  126  7:59  Drone  
  126  8:01  Drone  
  126  8:02  Extractor, Drone  
  126  8:03  Drone x2  
  130  8:05  Overseer  
  130  8:06  Extractor  
  130  8:07  Zergling x2  
  130  8:09  Zergling x2  
  128  8:14  Zergling x2  
  128  8:15  Zergling x10  
  128  8:17  Zergling x6  
  135  8:21  Drone  
  136  8:28  Spore Crawler  
  136  8:30  Ravager x3  
  136  8:33  Ravager  
  140  8:34  Zergling x14  
  140  8:38  Zergling x4  
  140  8:39  Zergling x4  
  140  8:40  Overlord  
  150  8:41  Zerg Flyer Weapons Level 1  
  150  8:44  Overlord  
  150  8:47  Drone  
  151  8:49  Overlord  
  151  8:56  Overlord x2  
  151  9:03  Mutalisk x2  
  151  9:04  Mutalisk x9  
  171  9:13  Mutalisk  
  171  9:15  Zergling x26  
  185  9:19  Zergling x4  
  186  9:24  Mutalisk x3  
  186  9:30  Zerg Melee Weapons Level 2  
  192  9:34  Zergling x10  
  192  9:35  Extractor x2, Overlord  
  195  9:42  Baneling x9  
  195  9:48  Zergling x14  
  195  9:50  Overlord  
  195  9:55  Baneling x5  
  195  9:58  Zergling x18  
  198  10:02  Overlord x2  
  175  10:07  Roach x7  
  175  10:13  Zergling x2, Roach x4  
  195  10:14  Zergling x2  
  184  10:22  Zergling x8  
  184  10:23  Zergling x4  
  184  10:26  Ravager  
  184  10:27  Baneling x3, Ravager x3  
  184  10:28  Baneling x8  
  192  10:34  Overlord  
  186  10:36  Overlord  
  176  10:43  Zergling x14  
  179  11:00  Hatchery  
  178  11:10  Baneling x15  
  178  11:12  Zergling x34  
  195  11:24  Zergling x8  
  198  11:35  Zergling x18  
  167  11:47  Zergling x8  
  167  11:48  Roach x2  
  141  11:54  Zergling x2  
Tags
 
Add a new tag
Caveats
  • Supply blocks, unpowered buildings, or Contaminate may cause inaccurate times.
  • Supply counts are checked every 10 seconds.